 Dungeon Crawl Stone Soup version 0.28.0-53-g5a82cb258f (webtiles) character file.

Game seed: 1711999634714800167

11414 quokkamancerX the Bludgeoner (level 11, -33/83 HPs)
             Began as a Demonspawn Berserker on July 8, 2022.
             Was a High Priest of Trog.
             Annihilated by a titanic slime creature (100 damage)
             ... on level 10 of the Dungeon.
             The game lasted 00:42:08 (16350 turns).

quokkamancerX the Bludgeoner (DsBe)                Turns: 16350, Time: 00:42:09

Health: -33/83     AC: 14    Str: 22    XL:     11   Next: 49%
Magic:  11/11      EV:  8    Int:  8    God:    Trog [*****.]
Gold:   626        SH:  6    Dex: 19    Spells: 10/10 levels left

rFire   . . .      SeeInvis +   a - +2 whip (elec)
rCold   . . .      Faith    +   i - +2 buckler
rNeg    . . .      Spirit   .   y - +0 plate armour
rPois   .          Reflect  .   q - +0 helmet
rElec   .          Harm     .   (no cloak)
rCorr   .          Rampage  .   t - +2 pair of gloves
Will    .....                   (no boots)
Stlth   ..........              D - amulet of faith
HPRegen 0.23/turn               g - +6 ring of dexterity
MPRegen 0.12/turn               n - ring of see invisible

@: studying Polearms
A: repulsion field 1, demonic magic 2, weakness stinger 2
a: Renounce Religion, Berserk, Trog's Hand, Brothers in Arms


You were on level 10 of the Dungeon.
You worshipped Trog.
Trog was extremely pleased with you.
You visited 1 branch of the dungeon, and saw 10 of its levels.

You collected 626 gold pieces.

Inventory:

Hand Weapons
 a - a +2 whip of electrocution (weapon)
 b - a +5 dire flail
 l - a +0 morningstar
Missiles
 m - 13 javelins
 s - 10 poisoned darts (quivered)
 u - 13 boomerangs
 J - 6 atropa-tipped darts
Armour
 i - a +2 buckler (worn)
 q - a +0 helmet (worn)
 t - a +2 pair of gloves (worn)
 y - a +0 plate armour (worn)
Jewellery
 g - a +6 ring of dexterity (left hand)
 n - a ring of see invisible (right hand)
 D - an amulet of faith (around neck)
 F - a ring of ice
 G - a +6 ring of intelligence
Wands
 e - a wand of charming (8)
 p - a wand of polymorph (1)
 A - a wand of digging (6)
Scrolls
 d - 2 scrolls of vulnerability
 h - 7 scrolls of teleportation
 j - 2 scrolls of fog
 r - a scroll of immolation
 w - 2 scrolls of enchant weapon
 C - 3 scrolls of blinking
 I - a scroll of brand weapon {unknown}
Potions
 c - 2 potions of curing
 f - 2 potions of lignification
 k - 4 potions of haste
 o - 5 potions of might
 v - a potion of degeneration {unknown}
 x - a potion of heal wounds
 z - a potion of berserk rage {unknown}
 B - a potion of ambrosia {unknown}
 E - 2 potions of resistance {unknown}
Miscellaneous
 H - a box of beasts (inert)


   Skills:
 + Level 6.4 Fighting
 - Level 16.0 Maces & Flails
 - Level 1.7 Armour
 - Level 1.7 Dodging


You had 10 spell levels left.
You didn't know any spells.
Your spell library was empty.

Dungeon Overview and Level Annotations

Branches:
Dungeon (10/15)            Temple (0/1) D:6            Lair (0/6) D:9
    Orc (0/2) D:9

Altars:
Dithmenos
Fedhas
Gozag
Hepliaklqana
Nemelex Xobeh
Okawaru
Qazlal
Ru
Vehumet
Xom
Beogh
Jiyva

Shops:
D:6 *   D:10 *

Annotations:
D:10 1 transporter


Innate Abilities, Weirdness & Mutations

You are surrounded by a mild repulsion field. (EV +2)
Spells you cast may paralyse nearby enemies.
You have a tail ending in a sharp stinger.


Message History

Two slime creatures merge to form a very large slime creature.
The slime creature quivers. x4
There is a transporter here.
You enter the transporter and appear at another place.
Two slime creatures merge to form a very large slime creature.
Okay, then.
You whack the slime creature!
The slime creature is lightly wounded.
The slime creature barely misses you.
The slime creature hits you but does no damage.
You hit the slime creature.
Lightning courses through the slime creature!
The slime creature is heavily wounded.
The slime creature hits you!
You hit the slime creature.
Lightning courses through the slime creature!
The slime creature is almost dead.
Two slime creatures merge to form a large slime creature.
The slime creature hits you.
You whack the slime creature!
You kill the slime creature!
Trog accepts your kill. The slime creature hits you.
A very large slime creature splits.
You hit the slime creature but do no damage.
You hit the slime creature. You tail-slap the slime creature.
The slime creature is lightly wounded.
The slime creature barely misses you.
The large slime creature closely misses you.
Two slime creatures merge to form an enormous slime creature.
Two slime creatures merge to form a titanic slime creature.
You whack the slime creature!
The slime creature is lightly wounded.
You whack the slime creature!
Lightning courses through the slime creature!
You tail-slap the slime creature, but do no damage.
The slime creature is heavily wounded.
The slime creature hits you but does no damage.
The titanic slime creature hits you!!!!
Ouch! That really hurt!
You die...

###.....#..................######
........#..................#
........#..........©.......#
........#.......#######....#
'########..(...##.###J##...#
..............##..#.#..##..#
..............#.......(.#..#
########......###J....###..#
.......#.(....##@.._...##..#
.......#......###J....###..#
.......#......#........©#..#
.......#......##!.#.#.)##..#
..######.......##[###J##...#
###.............#######....#
...................©.......#
...........................######
.................................


You could see a titanic slime creature and a slime creature.

Vanquished Creatures
  A rakshasa (D:9)
  2 centaur warriors (D:9)
  A two-headed ogre (D:8)
  Urug (D:10)
  A wizard (D:9)
  A gargoyle (D:10)
  Maggie (D:9)
  A komodo dragon (D:9)
  A troll (D:10)
  2 hornets
  2 slime creatures
  3 yaks (D:10)
  5 wyverns
  Menkaure (D:6)
  Edmund (D:6)
  A water moccasin (D:6)
  6 orc warriors
  A swamp drake (D:9)
  An ice beast (D:6)
  A sky beast (D:5)
  3 necrophages
  3 ogres
  2 centaurs
  6 bullfrogs
  A gnoll sergeant (D:9)
  2 wyvern zombies
  3 scorpions
  A water moccasin zombie (D:6)
  A wyvern skeleton (D:6)
  A water moccasin skeleton (D:5)
  5 killer bees (D:9)
  18 wights
  A crimson imp (D:9)
  9 orc priests
  3 jellies
  A centaur skeleton (D:7)
  4 centaur zombies
  Jessica (D:2)
  A bullfrog skeleton (D:5)
  2 iguanas
  Natasha (thrice) (D:3)
  15 orc wizards
  A killer bee zombie (D:9)
  A mummy (D:9)
  7 adders
  A white imp (D:8)
  An ufetubus (D:5)
  2 worms (D:3)
  2 dart slugs
  72 orcs
  12 endoplasms
  A giant cockroach (D:4)
  11 goblins
  4 hobgoblins
  4 jackals
  9 kobolds
  2 quokkas
  6 ball pythons
  3 bats
  3 frilled lizards
  6 rats
268 creatures vanquished.

Vanquished Creatures (others)
  A fungus (D:8)
  2 plants
  3 withered plants (D:9)
6 creatures vanquished.

Grand Total: 274 creatures vanquished

Notes
Turn   | Place    | Note
-------+----------+-------------------------------------------
     0 | D:1      | quokkamancerX the Demonspawn Berserker began the quest for
                  | the Orb.
     0 | D:1      | Reached XP level 1. HP: 18/18 MP: 1/1
   280 | D:1      | Reached skill level 3 in Maces & Flails
   420 | D:1      | Gained mutation: Spells you cast may paralyse adjacent
                  | enemies. [demonic ancestry]
   420 | D:1      | Reached XP level 2. HP: 17/24 MP: 2/2
  1496 | D:2      | Reached XP level 3. HP: 25/29 MP: 3/3
  1635 | D:2      | Reached skill level 4 in Maces & Flails
  1707 | D:2      | Noticed Jessica
  1714 | D:2      | Killed Jessica
  1715 | D:2      | Gained mutation: You are surrounded by a mild repulsion
                  | field. (EV +2) [demonic ancestry]
  1715 | D:2      | Reached XP level 4. HP: 34/35 MP: 4/4
  2087 | D:2      | Reached ** piety under Trog
  2469 | D:3      | Noticed Natasha
  2485 | D:3      | Killed Natasha
  2486 | D:3      | Reached skill level 5 in Maces & Flails
  2531 | D:3      | Found a faded altar of an unknown god.
  2821 | D:3      | Reached XP level 5. HP: 33/41 MP: 5/5
  3130 | D:3      | Reached skill level 6 in Maces & Flails
  3153 | D:3      | Noticed Natasha
  3166 | D:3      | Killed Natasha
  3225 | D:3      | Noticed Natasha
  3234 | D:3      | Killed Natasha
  3235 | D:3      | Reached XP level 6. HP: 47/47 MP: 6/6
  3810 | D:4      | Reached skill level 7 in Maces & Flails
  4156 | D:4      | Gained mutation: Spells you cast may paralyse nearby
                  | enemies. [demonic ancestry]
  4156 | D:4      | Reached XP level 7. HP: 51/52 MP: 7/7
  4199 | D:4      | Found a radiant altar of Vehumet.
  4528 | D:5      | Entered Level 5 of the Dungeon
  4762 | D:5      | Reached skill level 8 in Maces & Flails
  5121 | D:5      | Reached *** piety under Trog
  5354 | D:5      | Reached skill level 9 in Maces & Flails
  5354 | D:5      | Reached XP level 8. HP: 23/58 MP: 8/8
  6104 | D:6      | Found Caig's Overcharged Wands.
  6253 | D:5      | Reached skill level 10 in Maces & Flails
  6431 | D:6      | Found a stormy altar of Qazlal.
  6729 | D:6      | Found a staircase to the Ecumenical Temple.
  6957 | D:6      | Found an iron altar of Okawaru.
  7046 | D:6      | Noticed Menkaure
  7057 | D:6      | Killed Menkaure
  7058 | D:6      | Reached skill level 11 in Maces & Flails
  7058 | D:6      | Gained mutation: You have a small tail. [demonic ancestry]
  7058 | D:6      | Reached XP level 9. HP: 63/63 MP: 9/9
  7471 | D:6      | Noticed Edmund
  7484 | D:6      | Killed Edmund
  7903 | D:7      | Found a shimmering altar of Xom.
  7926 | D:7      | Reached skill level 12 in Maces & Flails
  8649 | D:7      | Found a shadowy altar of Dithmenos.
  9660 | D:8      | Reached skill level 13 in Maces & Flails
 10196 | D:8      | Reached **** piety under Trog
 10348 | D:8      | Found a sacrificial altar of Ru.
 10533 | D:8      | Reached XP level 10. HP: 68/69 MP: 10/10
 10757 | D:9      | Found a flagged portal.
 11160 | D:9      | Noticed a two-headed ogre
 11528 | D:9      | Noticed Maggie
 11536 | D:8      | Killed a two-headed ogre
 11537 | D:8      | Reached skill level 14 in Maces & Flails
 12476 | D:9      | Reached ***** piety under Trog
 12678 | D:9      | Killed Maggie
 12788 | D:9      | Found a staircase to the Orcish Mines.
 12977 | D:9      | Noticed a centaur warrior
 13136 | D:9      | Noticed a rakshasa
 13149 | D:9      | Killed a rakshasa
 13150 | D:9      | Reached skill level 15 in Maces & Flails
 13157 | D:9      | Killed a centaur warrior
 13362 | D:9      | Noticed a centaur warrior
 13377 | D:9      | Killed a centaur warrior
 13378 | D:9      | Gained mutation: You have a tail ending in a sharp stinger.
                  | [demonic ancestry]
 13378 | D:9      | Reached XP level 11. HP: 28/75 MP: 11/11
 14293 | D:9      | Found a staircase to the Lair.
 14528 | D:9      | Identified the +4 long sword of Nycoophe {vorpal, Stlth+}
 14665 | D:9      | Noticed a wizard
 14678 | D:9      | Killed a wizard
 14679 | D:9      | Reached skill level 16 in Maces & Flails
 14739 | D:10     | Entered Level 10 of the Dungeon
 14929 | D:10     | Found a blossoming altar of Fedhas.
 14935 | D:10     | Found Gaesa's General Store.
 15304 | D:10     | Reached skill level 5 in Fighting
 15383 | D:10     | Found an opulent altar of Gozag.
 15411 | D:10     | Found a sparkling altar of Nemelex Xobeh.
 15418 | D:10     | Found a hazy altar of Hepliaklqana.
 15658 | D:10     | Noticed Urug
 15691 | D:10     | Killed Urug
 15994 | D:10     | Found a transporter.
 15998 | D:10     | Found a transporter.
 16330 | D:10     | Found a viscous altar of Jiyva.
 16350 | D:10     | Annihilated by a titanic slime creature

Illustrated notes

Levels and vault maps discovered:
D:1:      minmay_arrival_arboretum_large, layout_basic
D:2:      layout_loops_ring, uniq_jessica
D:3:      layout_loops_cross, shapermc_ecumenical_altar_mp_ritualfount,
          kennysheep_orc_chapel, uniq_natasha
D:4:      layout_cave_pools, overflow_temple_1_default, grunt_ministairs_5,
          corexii_hall_statues_l
D:5:      layout_basic
D:6:      layout_loops_corners, kennysheep_little_box, kennysheep_mini,
          minmay_temple_entry_stoned_glass, amcnicky_mini_pool_small,
          minmay_misc_feat_diagonals, nicolae_shop_overcharged_wands,
          uniq_menkaure, uniq_edmund
D:7:      layout_cave_pods, mainiacjoe_overflow_chevrons, lemuel_round_altar,
          kennysheep_generic_room_14
D:8:      layout_loops_corners, nicolae_ru_the_path_less_chosen
D:9:      nzn_winding_woodlands_small
          [nzn_winding_woodlands_5x15_river_crossing,
          nzn_winding_woodlands_center_triple_pond,
          nzn_winding_woodlands_5x15_jagged], layout_basic, erik_lair_dragon,
          hiddenorc2_lemuel, enter_bailey_5, serial_undead, serial_undead_a,
          serial_undead_f, serial_undead_a, serial_undead_a,
          lightli_wizard_tower, uniq_maggie
D:10:     gammafunk_jiyva_shrine, layout_irregular_city, fedhas_ov_isle_minmay,
          nemelex_xobeh_ov_fountains_minmay, mainiacjoe_overflow_alcove_1,
          mainiacjoe_overflow_alcove_4, serial_shops, nicolae_shop_crystal,
          uniq_urug

Skill      XL: |  1  2  3  4  5  6  7  8  9 10 11 |
---------------+----------------------------------+-----
Maces & Flails | 3 4 5 6 7 9 11 13 15 16 | 16.0
Fighting       | 6 |  6.4
Armour         | |  1.7
Dodging        | |  1.7

Action                   |  1- 3 |  4- 6 |  7- 9 | 10-12 || total
-------------------------+-------+-------+-------+-------++-------
Melee: Mace              |    17 |       |       |       ||    17
       Whip              |    64 |   143 |   357 |   360 ||   924
       Unarmed           |       |    14 |       |       ||    14
       Punch             |       |     4 |     2 |     3 ||     9
       Dire flail        |       |       |    53 |     9 ||    62
       Morningstar       |       |       |     3 |       ||     3
       Tailslap          |       |       |    34 |    66 ||   100
Throw: Dart              |       |     7 |     8 |     4 ||    19
       Javelin           |       |       |     1 |       ||     1
Invok: Berserk           |     1 |     1 |     9 |    13 ||    24
       Trog's Hand       |       |     1 |     1 |     2 ||     4
Evoke: Box of beasts     |       |       |       |     1 ||     1
  Use: Scroll            |       |     2 |    11 |     3 ||    16
       Potion            |       |       |       |     2 ||     2
 Stab: Sleeping          |     1 |       |       |       ||     1
Armor: Animal skin       |    10 |       |       |       ||    10
       Chain mail        |    11 |    42 |    68 |       ||   121
       Skin              |       |     5 |       |       ||     5
       Plate armour      |       |       |    91 |   180 ||   271
Dodge: Dodged            |    34 |    54 |   134 |   144 ||   366
Block: Buckler           |       |       |       |    52 ||    52
